 Dungeon Crawl Stone Soup version 0.27-a0-366-g8badd94918 (webtiles) character file.

Game seed: 9159894973396433761

53 dickylongcocking the Shield-Bearer (level 4, -2/35 HPs)
             Began as a Human Fighter on Feb 16, 2021.
             Slain by a gnoll
             ... wielding a +0 spear
              (7 damage)
             ... on level 2 of the Dungeon.
             The game lasted 00:00:44 (1122 turns).

dickylongcocking the Shield-Bearer (Human Fighter)  Turns: 1122, Time: 00:00:45

Health: -2/35      AC:  7    Str: 17    XL:     4   Next: 11%
Magic:  4/4        EV:  7    Int:  8    God:
Gold:   58         SH:  9    Dex: 13    Spells: 3/3 levels left

rFire    . . .     SeeInvis .   a - +0 war axe
rCold    . . .     Faith    .   c - +0 kite shield
rNeg     . . .     Spirit   .   b - +0 scale mail
rPois    .         Reflect  .   (no helmet)
rElec    .         Harm     .   (no cloak)
rCorr    .         Rampage  .   (no gloves)
Will     .....                  e - +0 pair of boots
Stlth    ..........             (no amulet)
HPRegen  0.11/turn              (no ring)
MPRegen  0.09/turn              (no ring)

@: mighty
A: no striking features
a: no special abilities


You were on level 2 of the Dungeon.
You visited 1 branch of the dungeon, and saw 2 of its levels.

You collected 58 gold pieces.

Inventory:

Hand Weapons
 a - a +0 war axe (weapon)
Missiles
 f - 2 atropa-tipped darts (quivered)
Armour
 b - a +0 scale mail (worn)
 c - a +0 kite shield (worn)
 e - a +0 pair of boots (worn)
Scrolls
 h - a scroll of enchant weapon {unknown}
 i - a scroll of identify {unknown}
 j - a scroll of fear {unknown}
 k - a scroll of amnesia {unknown}
Potions
 g - a potion of resistance {unknown}
 l - a potion of haste {unknown}
 m - a potion of magic


   Skills:
 - Level 3.0 Fighting
 * Level 3.5 Axes
 - Level 3.0 Armour
 + Level 3.6 Shields


You had 3 spell levels left.
You didn't know any spells.
Your spell library was empty.

Dungeon Overview and Level Annotations

Branches:
Dungeon (2/15)

Altars:


Message History

You hit the gnoll but do no damage. You block the gnoll's attack.
The gnoll closely misses you. The gnoll barely misses you.
Unknown command.
You feel very mighty all of a sudden. You block the gnoll's attack. x2
Unknown command.
You slice the gnoll!!
You kill the gnoll!
You hit the gnoll. The quokka bites you. The gnoll closely misses you.
A gnoll comes into view. It is wielding a +0 spear.
Unknown command.
You barely miss the quokka.
Your shield and scale mail prevent you from hitting the gnoll.
The gnoll shouts!
The quokka bites you. The gnoll hits you with a +0 flail.
* * * LOW HITPOINT WARNING * * *
The gnoll hits you from afar with a +0 spear.
* * * LOW HITPOINT WARNING * * *
The quokka barely misses you.
You slash the quokka!
You kill the quokka!
You hit the gnoll.
The gnoll hits you from afar with a +0 spear.
* * * LOW HITPOINT WARNING * * *
You block the gnoll's attack.
A gnoll comes into view. It is wielding a +0 spear.
You block the gnoll's attack. The gnoll barely misses you.
The gnoll shouts!
You hit the gnoll.
You kill the gnoll!
The gnoll barely misses you.
You have reached level 4!
You feel agile.
You are too injured to fight recklessly!
Okay, then.
A bat comes into view.
The bat moves out of view.
It was a potion of magic.
Magic courses through your body.
The gnoll hits you from afar with a +0 spear!
You die...

###.........
#.......##
####.######
.....# ...#.#
...###### .
#.........
##..#
#.########
#########.....#
#.#
#....@.g†.....#
#####
#.###..g).##.>#
....# #.#
#.###.# ###.#
#####.# #.# ...
.##.####.....#
#.# ###
.##.#..#.#####
#.. .##.#..#.#
###
.##.#....#####
.##.##.........


You could see 2 gnolls.

Vanquished Creatures
  2 gnolls (D:2)
  A worm (D:2)
  2 leopard geckos
  3 bats (D:1)
  A giant cockroach (D:1)
  A hobgoblin (D:1)
  4 jackals (D:1)
  3 kobolds
  A quokka (D:2)
  4 frilled lizards
  4 goblins
  3 rats (D:1)
29 creatures vanquished.

Notes
Turn   | Place    | Note
-------+----------+-------------------------------------------
     0 | D:1      | dickylongcocking the Human Fighter began the quest for the
                  | Orb.
     0 | D:1      | Reached XP level 1. HP: 18/18 MP: 1/1
    81 | D:1      | Reached XP level 2. HP: 22/24 MP: 2/2
   586 | D:1      | Reached XP level 3. HP: 29/29 MP: 3/3
  1120 | D:2      | Reached XP level 4. HP: 4/35 MP: 4/4
  1122 | D:2      | Slain by a gnoll

Illustrated notes

Levels and vault maps discovered:
D:1:      psy_arrival_whirlpool, layout_basic
D:2:      layout_basic, old_standard_altar, uniq_sigmund

Skill      XL: |  1  2  3 |
---------------+----------+-----
Axes           | 3 |  3.5
Fighting       | |  3.0
Armour         | |  3.0
Shields        | |  3.6

Action                   |  1- 3 |  4- 6 || total
-------------------------+-------+-------++-------
Melee: War axe           |    99 |       ||    99
  Use: Potion            |     1 |     1 ||     2
Armor: Scale mail        |    59 |       ||    59
Dodge: Dodged            |    44 |       ||    44
Block: Kite shield       |    66 |       ||    66

Table legend: (Time is in decaauts)
 A = Elapsed time spent in this place.
 B = Non-inter-level travel time spent in this place.
 C = Inter-level travel time spent in this place.
 D = Time resting spent in this place.
 E = Time spent auto-exploring this place.
 F = Levels seen in this place.
 G = Mean time per level.
                   A        B        C        D        E       F      G
               +--------+--------+--------+--------+--------+-----+--------+
         Total |   1184 |   1145 |     39 |      0 |    886 |   2 |  592.0 |
       Dungeon |   1184 |   1145 |     39 |      0 |    886 |   2 |  592.0 |
               +--------+--------+--------+--------+--------+-----+--------+

Top non-repeatable levels by time:
     D:1: 956 daAuts
     D:2: 227 daAuts
